AoeStats
← 4k1m

Nomad

510101624Analyzed
4v4 RM · 3d ago on Sep 29, 2026· 53m 8s· 8 players
Game mode
Random Map
Map size
231×231
Population
200
Speed
Normal
Resources
Standard
Victory
Conquest
Starting age
Dark Age
Ending age
Imperial Age
RankedLock teamsTeams togetherTeam positionsShared explorationLock speedFull tech treeHidden civsTurbo modeCheats
Victory
Defeat
🇪🇸 Bohemians · Spain
1426
+14
🇪🇸 Teutons · Spain
1404
+15
🇪🇸 Berbers · Spain
1338
+17
🇪🇸 Mongols · Spain
1254
+22
🇩🇪 Varangians · Germany
1456
-20
🇩🇪 Wu · Germany
1450
-20
🇩🇪 Mongols · Germany
1440
-20
🇩🇪 Berbers · Germany
1144
-8
SuterOne
9:24 Loom
12:26 Feudal Age
13:23 Double-Bit Axe
20:17 Castle Age
24:59 Stone Mining
32:57 Wheelbarrow
33:19 Town Watch
35:33 Fletching
36:17 Bodkin Arrow
37:58 Scale Barding Armor
39:57 Bloodlines
39:51 Husbandry
45:26 Imperial Age
43:39 Chain Barding Armor
46:05 Ballistics
45:58 Masonry
45:52 Town Patrol
46:33 Conscription
47:02 Bow Saw
48:44 Hand Cart
49:39 Drill
50:19 Thumb Ring
50:55 Parthian Tactics
53:01 Chemistry
|GaoeG| flamingo
5:53 Loom
13:30 Feudal Age
18:31 Castle Age
17:13 Bloodlines
16:55 Horse Collar
17:38 Scale Barding Armor
17:23 Double-Bit Axe
24:43 Wheelbarrow
24:59 Bow Saw
25:22 Town Watch
26:30 Husbandry
27:33 Heavy Plow
34:33 Hand Cart
37:48 Gold Mining
43:21 Imperial Age
41:20 Fletching
41:30 Padded Archer Armor
44:41 Conscription
44:23 Kasbah
46:44 Chemistry
46:07 Ballistics
45:46 Bodkin Arrow
46:31 Leather Archer Armor
47:31 Bracer
48:01 Ring Archer Armor
48:48 Chain Barding Armor
50:08 Chemistry
50:08 Maghrebi Camels
49:57 Light Cavalry
53:00 Hussar
Skofilus
4:48 Loom
13:48 Feudal Age
14:56 Town Watch
15:22 Double-Bit Axe
18:06 Castle Age
16:45 Gold Mining
19:03 Medium Warships
19:24 Forging
23:13 Bow Saw
24:30 Iron Casting
24:40 Horse Collar
27:00 Clinker Construction
29:58 Wheelbarrow
30:11 Bloodlines
30:20 Scale Barding Armor
33:14 Chain Barding Armor
33:39 Fishing Lines
37:48 Hand Cart
40:27 Imperial Age
38:07 Heavy Plow
41:51 Plate Barding Armor
40:37 Cavalier
42:20 Stone Mining
43:33 Two-Man Saw
42:49 Paladin
44:43 Blast Furnace
JITANOmaleant7
6:22 Loom
15:39 Feudal Age
19:25 Castle Age
18:15 Fishing Lines
18:50 Double-Bit Axe
18:47 Horse Collar
21:08 Fletching
29:04 Imperial Age
27:09 Bow Saw
28:58 Wheelbarrow
32:10 Chemistry
32:24 Hand Cart
33:20 Forging
33:48 Scale Mail Armor
35:10 Iron Casting
33:58 Pikeman
34:38 Squires
35:51 Halberdier
39:01 Siege Engineers
40:24 Chain Mail Armor
41:10 Blast Furnace
43:35 Bombard Tower
44:53 Padded Archer Armor
49:03 Plate Mail Armor
48:50 Leather Archer Armor
48:29 Fletching
49:06 Ballistics
48:58 Masonry
51:48 Bodkin Arrow
52:30 Bracer
53:03 Architecture
Aremenius
5:06 Loom
13:17 Feudal Age
16:50 Castle Age
15:19 Double-Bit Axe
16:57 Demolition Ship
17:22 Fishing Lines
17:53 Bow Saw
32:27 Town Watch
32:58 Fletching
36:55 Bodkin Arrow
41:55 Elite Skirmisher
42:38 Town Watch
47:27 Scale Barding Armor
47:38 Husbandry
47:48 Bloodlines
48:37 Chain Barding Armor
xxxDonPabloxxx
12:36 Loom
16:00 Feudal Age
21:07 Castle Age
22:04 Double-Bit Axe
22:45 Scale Barding Armor
23:50 Horse Collar
25:31 Bow Saw
26:52 Chain Barding Armor
28:32 Forging
33:09 Heavy Plow
40:06 Husbandry
42:47 Wheelbarrow
45:11 Iron Casting
49:56 Imperial Age
47:22 Pikeman
48:03 Squires
49:03 Hand Cart
4k1m
5:11 Loom
12:52 Feudal Age
13:49 Double-Bit Axe
17:58 Fishing Lines
19:50 Forging
20:14 Fletching
22:39 Castle Age
21:40 Gold Mining
23:03 Horse Collar
23:30 Bodkin Arrow
24:02 Bow Saw
27:11 Clinker Construction
28:12 Ballistics
37:01 Town Watch
41:23 Imperial Age
40:00 Squires
40:01 Scale Mail Armor
40:37 Iron Casting
41:04 Coinage
42:08 Chain Mail Armor
41:40 Gambesons
42:01 Elite Varangian Guard
45:32 Heavy Plow
46:31 Bloodlines
47:33 Bracer
47:36 Husbandry
48:11 Padded Archer Armor
50:23 Arson
Janderjunge
7:09 Loom
12:52 Feudal Age
13:54 Double-Bit Axe
18:00 Fishing Lines
21:07 Castle Age
25:32 Fletching
26:53 Bodkin Arrow
27:01 Red Cliffs Tactics
26:59 Stone Mining
27:27 Bow Saw
30:58 Masonry
33:45 Medium Warships
45:20 Wheelbarrow
45:11 Gillnets
45:42 Gold Mining
50:12 Imperial Age
47:36 Crossbowman
49:23 Gold Shaft Mining
50:32 Arbalester
51:28 Bracer
51:53 Padded Archer Armor
Connection lost

Rejoining the realm…

Still unreachable

The connection could not be restored.

Session expired

The server has moved on; the page needs a fresh start.